 Dungeon Crawl Stone Soup version 0.21-a0-95-g06f091e (webtiles) character file.

1761 nublet the Sneak (level 9, -2/45 HPs)
             Began as a Vine Stalker Enchanter on July 4, 2017.
             Was a High Priest of Uskayaw.
             Slain by a killer bee (4 damage)
             ... on level 7 of the Dungeon.
             The game lasted 00:30:24 (5739 turns).

nublet the Sneak (Vine Stalker Enchanter)           Turns: 5739, Time: 00:30:25

Health: -2/45      AC:  6    Str: 11    XL:     9   Next: 7%
Magic:  0/15       EV: 12    Int: 17    God:    Uskayaw [*****.]
Gold:   227        SH:  0    Dex: 16    Spells: 8/14 levels left

rFire    . . .     SeeInvis .   F - +0 short sword (vamp)
rCold    . . .     Gourm    .   (no shield)
rNeg     . . .     Faith    .   b - +0 robe
rPois    .         Spirit   +   K - +1 helmet
rElec    .         Reflect  .   w - +0 cloak
rCorr    .         Harm     .   e - +0 pair of gloves
MR       +....                  (no boots)
Stlth    ++++......             a - amulet of regeneration
HPRegen  0.95/turn              (no ring)
MPRegen  0.14/turn              (no ring)

@: lethally poisoned (-2 -> -2)
A: fangs 3, regeneration 1, magic shield, antimagic bite, no potion heal 3, rot
immunity
a: Stomp, Line Pass, Grand Finale, Renounce Religion


You were on level 7 of the Dungeon.
You worshipped Uskayaw.
Uskayaw was noncommittal.
You were not hungry.

You visited 1 branch of the dungeon, and saw 7 of its levels.
You also visited: Sewer.

You collected 374 gold pieces.
You spent 147 gold pieces at shops.

Inventory:

Hand Weapons
 F - a +0 vampiric short sword (weapon)
 I - a +1 dagger of venom
Armour
 b - a +0 robe (worn)
 e - a +0 pair of gloves (worn)
 w - a +0 cloak (worn)
 C - the +1 leather armour of the Pink Corner {-Tele rF+ rC+ rN+++}
   (You found it on level 5 of the Dungeon)

   It protects you from fire.
   It protects you from cold.
   It renders you almost immune to negative energy.
   It prevents most forms of teleportation.
 K - a +1 helmet (worn)
Jewellery
 a - an amulet of regeneration (around neck)
 x - an uncursed amulet of rage
Wands
 E - a wand of iceblast (6/15)
Scrolls
 h - a scroll of fog {unknown}
 k - a scroll of fear
 p - 8 scrolls of remove curse
 s - 3 scrolls of amnesia {unknown}
 t - 5 scrolls of teleportation
 y - 2 scrolls of enchant weapon {unknown}
 A - a scroll of blinking {unknown}
 G - a scroll of silence {unknown}
 H - a scroll of recharging {unknown}
Potions
 i - a potion of lignification
 j - 5 potions of curing
 l - 2 potions of cancellation
 n - 4 potions of might
 o - a potion of resistance {unknown}
 r - 2 potions of haste {unknown}
 u - 2 potions of mutation
 v - 7 potions of agility
 B - 3 potions of flight
 J - a potion of brilliance {unknown}
Books
 c - a book of Maledictions

   Spells                             Type                      Level
   a - Corona                         Hexes                        1
   b - Ensorcelled Hibernation        Hexes/Ice                    2
   c - Confuse                        Hexes                        3
   d - Tukima's Dance                 Hexes                        3
   e - Dazzling Spray                 Conjuration/Hexes            3
 m - a book of Necromancy

   Spells                             Type                      Level
   a - Pain                           Necromancy                   1
   b - Animate Skeleton               Necromancy                   1
   c - Vampiric Draining              Necromancy                   3
   d - Regeneration                   Charms/Necromancy            3
   e - Animate Dead                   Necromancy                   4
   f - Control Undead                 Necromancy                   4
Comestibles
 d - 6 bread rations
 f - 5 royal jellies
 g - 3 fruits
 q - 5 meat rations
 D - a chunk of flesh


   Skills:
 + Level 4.2 Fighting
 + Level 4.6 Short Blades
 - Level 1.5 Dodging
 + Level 7.8 Stealth
 + Level 3.4 Spellcasting
 - Level 5.4 Hexes
 + Level 4.4 Invocations


You had 8 spell levels left.
You knew the following spells:

 Your Spells              Type           Power        Failure   Level  Hunger
a - Confuse               Hex            ###.....     5%          3    ###....
x - Ensorcelled Hibernat  Hex/Ice        ##....       9%          2    ##.....
z - Corona                Hex            ###....      1%          1    None


Dungeon Overview and Level Annotations

Branches:
Dungeon (7/15)             Temple (0/1) D:5

Altars:
Elyvilon
Fedhas
Gozag
Hepliaklqana
Kikubaaqudgha
Uskayaw
Xom
Yredelemnul

Shops:
D:7 ?

Annotations:
D:6 grindst0ne's ghost, novice MfTm


Innate Abilities, Weirdness & Mutations

You have razor-sharp teeth.
Your natural rate of healing is unusually fast.
When hurt, damage is shared between your health and your magic reserves.
Your bite disrupts and absorbs the magic of your enemies.
Potions cannot restore your health.
You are immune to rotting.


Message History

You hit the killer bee. Your bite misses the killer bee.
The killer bee is almost dead.
You feel sick. The killer bee misses you. The killer bee stings you!
* * * LOW HITPOINT WARNING * * *
You can now merge with and destroy a victim.
You don't have enough magic at the moment.
Okay, then.
Evoke which item? (* to show all) (? for menu, Esc to quit)
Okay, then.
You closely miss the killer bee. Your bite misses the killer bee.
The killer bee is almost dead.
The killer bee barely misses you. The killer bee closely misses you.
You miss the killer bee. Your bite misses the killer bee.
The killer bee is almost dead.
You feel sick. The killer bee barely misses you.
The killer bee closely misses you.
You barely miss the killer bee.
The killer bee is almost dead.
You feel sick. The killer bee stings you.
You die...

#.###...#####.[..#
#.###...#####....#
#.#............###
#.#............#
#.#............#
#.#............#
#.#............#
#.#............#
#@#............#
###y#............#
#...'..........
#####..........
+..........
#..........
########...


You could see a killer bee.

Vanquished Creatures
  A hungry ghost (D:7)
  2 orc warriors
  A necrophage (D:5)
  A black bear (D:4)
  An ogre (D:6)
  4 big kobolds
  2 scorpions
  3 killer bees (D:7)
  A crimson imp (D:7)
  3 hounds
  3 bullfrog zombies
  2 orc priests
  2 orc wizards
  2 iguanas
  2 worker ants
  2 hound skeletons
  3 gnolls
  6 adders
  4 adder skeletons
  A worm (D:2)
  2 leopard geckos
  22 orcs
  6 giant cockroaches
  5 goblins
  5 hobgoblins
  13 jackals
  18 kobolds
  3 quokkas
  5 ball pythons
  8 bats
  3 frilled lizards
  A quokka zombie (D:5)
  6 rats
  A butterfly (D:4)
144 creatures vanquished.

Notes
Turn   | Place    | Note
-------+----------+-------------------------------------------
     0 | D:1      | nublet the Vine Stalker Enchanter began the quest for the Orb.
     0 | D:1      | Reached XP level 1. HP: 9/9 MP: 4/4
    46 | D:1      | Reached skill level 1 in Short Blades
   321 | D:1      | Reached XP level 2. HP: 10/14 MP: 6/6
   539 | D:1      | Learned a level 2 spell: Ensorcelled Hibernation
   636 | D:2      | Reached skill level 4 in Stealth
  1068 | D:2      | Reached XP level 3. HP: 17/17 MP: 5/7
  1460 | D:3      | Noticed a scorpion
  1574 | D:3      | Reached skill level 1 in Fighting
  1623 | D:3      | Learned a level 3 spell: Confuse
  1836 | D:2      | Gained mutation: Your natural rate of healing is unusually fast. [Vine Stalker growth]
  1836 | D:2      | Reached XP level 4. HP: 21/22 MP: 2/8
  2164 | D:3      | Reached XP level 5. HP: 25/25 MP: 1/9
  2242 | D:3      | Found a hide-covered altar of Uskayaw.
  2245 | D:3      | Noticed a dagger
  2245 | D:3      | Noticed a dagger
  2259 | D:3      | Became a worshipper of Uskayaw the Reveler
  2297 | D:3      | Found a white marble altar of Elyvilon.
  2297 | D:3      | Found an ancient bone altar of Kikubaaqudgha.
  2362 | D:2      | Reached * piety under Uskayaw
  2433 | D:3      | Reached skill level 5 in Stealth
  2573 | D:4      | Found a shimmering altar of Xom.
  2661 | D:4      | Reached ** piety under Uskayaw
  2707 | D:4      | Reached XP level 6. HP: 16/30 MP: 3/10
  2715 | D:4      | Reached skill level 1 in Invocations
  3156 | D:4      | Reached *** piety under Uskayaw
  3202 | D:4      | Noticed a black bear
  3208 | D:4      | Killed a black bear
  3414 | D:5      | Entered Level 5 of the Dungeon
  3449 | D:5      | Reached XP level 7. HP: 17/35 MP: 5/11
  3560 | D:5      | Found a blossoming altar of Fedhas.
  3640 | D:5      | Found a basalt altar of Yredelemnul.
  3691 | D:5      | Found a staircase to the Ecumenical Temple.
  3697 | D:5      | Reached skill level 6 in Stealth
  3757 | D:5      | Got a spiked leather armour
  3768 | D:5      | Identified the +1 leather armour of the Pink Corner {-Tele rF+ rC+ rN+++} (You found it on level 5 of the Dungeon)
  4050 | D:6      | Found an opulent altar of Gozag.
  4051 | D:6      | Found a hazy altar of Hepliaklqana.
  4223 | D:6      | Noticed grindst0ne's ghost (novice MfTm)
  4331 | D:5      | Reached skill level 5 in Hexes
  4397 | D:6      | Gained mutation: You have razor-sharp teeth. [Vine Stalker growth]
  4397 | D:6      | Reached XP level 8. HP: 39/40 MP: 3/12
  4400 | D:6      | Reached **** piety under Uskayaw
  4410 | D:6      | Reached ***** piety under Uskayaw
  4435 | D:6      | Found a glowing drain.
  4490 | Sewer    | Entered a sewer
  4668 | Sewer    | Reached skill level 7 in Stealth
  5589 | D:7      | Found Hoeph's Magic Scroll Shoppe.
  5593 | D:7      | Bought a scroll of teleportation for 42 gold pieces
  5593 | D:7      | Bought a scroll of fear for 49 gold pieces
  5593 | D:7      | Bought a scroll of identify for 28 gold pieces
  5593 | D:7      | Bought a scroll of identify for 28 gold pieces
  5716 | D:7      | Reached XP level 9. HP: 45/45 MP: 5/14
  5736 | D:7      | HP: 2/45 [killer bee (7)]
  5739 | D:7      | Slain by a killer bee

Vault maps used:
D:1:      eino_arrival_water_cross
D:2:      serial_undead, serial_undead_f, serial_undead_a, serial_undead_e,
          serial_undead_e
D:3:      gammafunk_temple_overflow_elements, dancing_weapons_uskayaw,
          first_bread
D:4:      xom_butterflies
D:5:      lemuel_coloured_pillars_altar, lemuel_crystal_altar,
          minmay_temple_entry_fiery
D:6:      chequers_temple_overflow_statue_of_worship, portal_sewer_entry_b
D:7:      serial_shops, nicolae_shop_trees, minmay_small_thing
Sewer:    kennysheep_pipe_town

Skill      XL: |  1  2  3  4  5  6  7  8 |
---------------+-------------------------+-----
Short Blades   | 1 2 3 4 |  4.6
Stealth        | 4 5 6 7 |  7.8
Fighting       | 1 2 3 4 |  4.2
Hexes          | 4 5 |  5.4
Invocations    | 2 4 |  4.4
Spellcasting   | 3 |  3.4
Dodging        | |  1.5

Action                   |  1- 3 |  4- 6 |  7- 9 || total
-------------------------+-------+-------+-------++-------
Melee: Dagger            |    79 |   145 |    99 ||   323
       Bite              |    13 |    24 |    63 ||   100
       Short sword       |       |       |   205 ||   205
 Cast: Corona            |    17 |     2 |       ||    19
       Ensorcelled Hiber |    23 |    28 |    12 ||    63
       Confuse           |       |     9 |    26 ||    35
Invok: Line Pass         |       |       |     1 ||     1
Evoke: Wand              |       |     7 |       ||     7
  Use: Scroll            |       |     4 |     5 ||     9
       Potion            |       |     2 |     1 ||     3
 Stab: Sleeping          |    18 |    18 |    23 ||    59
       Confused          |       |     2 |     5 ||     7
       Paralysed         |       |     1 |     5 ||     6
  Eat: Chunk             |     4 |     9 |    13 ||    26
       Fruit             |       |       |     5 ||     5
Armor: Robe              |    27 |    22 |    78 ||   127
       Skin              |       |    22 |       ||    22
Dodge: Dodged            |    67 |    83 |   193 ||   343
